 Dungeon Sprint DCSS version 0.21.1-1-g345015f (webtiles) character file.

86 equalderp2856 the Shield-Bearer (level 4, -4/44 HPs)
             Began as a Minotaur Fighter on May 4, 2018.
             Killed from afar by an oklob sapling priest (11 damage)
             ... with a splash of acid
             ... in the Dungeon (Sprint IV: "Fedhas' Mad Dash").
             The game lasted 00:00:53 (241 turns).

equalderp2856 the Shield-Bearer (Minotaur Fighter)   Turns: 241, Time: 00:00:53

Health: -4/44      AC:  3    Str: 21    XL:     4   Next: 27%
Magic:  2/3        EV:  8    Int:  5    God:
Gold:   85         SH: 10    Dex: 10    Spells: 3/3 levels left

rFire    . . .     SeeInvis .   a - +0 war axe
rCold    . . .     Gourm    .   c - +0 shield
rNeg     . . .     Faith    .   b - +0 scale mail
rPois    .         Spirit   .   (helmet restricted)
rElec    .         Reflect  .   (no cloak)
rCorr    .         Harm     .   (no gloves)
MR       .....     NoTele   +   (no boots)
Stlth    ..........             l - amulet of invisibility {+Inv}
HPRegen  0.14/turn              (no ring)
MPRegen  0.08/turn              (no ring)

@: corroded, very slightly contaminated
A: retaliatory headbutt, horns 2
a: Evoke Invisibility


You were in the Dungeon.
You were not hungry.

You visited 1 branch You collected 85 gold pieces.

Inventory:

Hand Weapons
 a - a +0 war axe (weapon)
Armour
 b - a +0 scale mail (worn)
 c - a +0 shield (worn)
Jewellery
 l - the amulet of invisibility (around neck) {+Inv}
   (You found it in the Dungeon)

   [amulet of nothing]

   It lets you turn invisible.
Scrolls
 k - a scroll of blinking
Potions
 d - a potion of might
 e - a potion of curing
 g - a potion of heal wounds
 h - a potion of haste
 i - 2 potions of magic
 j - a potion of berserk rage
Comestibles
 f - a ration


   Skills:
 + Level 6.2 Fighting
 + Level 3.9 Axes
 + Level 6.5 Armour
 + Level 0.6 Dodging
 * Level 1.0 Stealth
 + Level 6.5 Shields
 * Level 1.0 Evocations


You had 3 spell levels left.
You didn't know any spells.

Dungeon Overview and Level Annotations

Branches:
Dungeon (1/1)

Altars:
Cheibriados
Dithmenos
Elyvilon
Gozag
Hepliaklqana
Kikubaaqudgha
Makhleb
Nemelex Xobeh
Okawaru
Qazlal
Ru
Sif Muna
Trog
Uskayaw
Vehumet
Wu Jian
Xom
Yredelemnul
Zin
The Shining One
Beogh
Jiyva
Lugonu

Annotations:
D exclusion: oklob sapling


Innate Abilities, Weirdness & Mutations

You reflexively headbutt those who attack you in melee.
You have a pair of horns on your head.


Message History

The splash of acid misses you.
Unknown command.
Press < or > to pray at altars.
You catch the helpless oklob sapling priest completely off-guard!
You hit the oklob sapling priest.
The oklob sapling priest is severely damaged.
You flicker back into view.
You hit the oklob sapling priest but do no damage.
The oklob sapling priest is severely damaged.
The oklob sapling priest casts a cantrip, but nothing happens.
You hit the oklob sapling priest but do no damage.
The oklob sapling priest is severely damaged.
The oklob sapling priest spits acid at you.
The splash of acid misses you.
The oklob sapling priest looks encouraged for a moment.
You hit the oklob sapling priest. You headbutt the oklob sapling priest.
The oklob sapling priest is severely damaged.
The oklob sapling priest spits acid at you.
The splash of acid hits you!
You die...

########################
†...#.....#.⌠._._._._.⌠.
(...'.#.).'.._._._._._..
....#.#...#..._.@P_._...
########'##.._._._._._..
+...#._._._._._.⌠.
#...############## #####


You could see an oklob sapling priest.

Vanquished Creatures
  A worker ant (D)
  2 oklob saplings (D)
  A river rat (D)
  A rat (D)
5 creatures vanquished.

Notes
Turn   | Place    | Note
-------+----------+-------------------------------------------
     0 | D        | equalderp2856 the Minotaur Fighter began the quest for the Orb.
     0 | D        | Reached XP level 1. HP: 19/19 MP: 0/0
     7 | D        | Reached XP level 2. HP: 28/28 MP: 1/1
    13 | D        | Noticed an oklob sapling
    17 | D        | Killed an oklob sapling
    17 | D        | Reached skill level 5 in Fighting
    17 | D        | Reached skill level 5 in Armour
    17 | D        | Reached skill level 5 in Shields
    17 | D        | Reached XP level 3. HP: 36/36 MP: 2/2
    21 | D        | Found the amulet of invisibility {+Inv}
    60 | D        | Noticed an oklob sapling
    67 | D        | Killed an oklob sapling
    67 | D        | Reached skill level 1 in Stealth
    67 | D        | Reached skill level 1 in Evocations
    67 | D        | Reached XP level 4. HP: 22/44 MP: 0/3
   225 | D        | Found an opulent altar of Gozag.
   225 | D        | Found a hazy altar of Hepliaklqana.
   225 | D        | Found a burning altar of Makhleb.
   225 | D        | Found a roughly hewn altar of Beogh.
   225 | D        | Found a sparkling altar of Nemelex Xobeh.
   225 | D        | Found a snail-covered altar of Cheibriados.
   225 | D        | Found a sacrificial altar of Ru.
   225 | D        | Found a deep blue altar of Sif Muna.
   225 | D        | Found a shimmering altar of Xom.
   225 | D        | Found a basalt altar of Yredelemnul.
   226 | D        | Found a viscous altar of Jiyva.
   226 | D        | Found a bloodstained altar of Trog.
   226 | D        | Found an ornate altar of the Wu Jian Council.
   227 | D        | Found an iron altar of Okawaru.
   227 | D        | Found a glowing silver altar of Zin.
   227 | D        | Found a shadowy altar of Dithmenos.
   228 | D        | Found a hide-covered altar of Uskayaw.
   228 | D        | Found an ancient bone altar of Kikubaaqudgha.
   229 | D        | Found a stormy altar of Qazlal.
   229 | D        | Found a glowing golden altar of the Shining One.
   229 | D        | Found a white marble altar of Elyvilon.
   230 | D        | Found a radiant altar of Vehumet.
   230 | D        | Found a corrupted altar of Lugonu.
   241 | D        | Killed from afar by an oklob sapling priest

Skill      XL: |  1  2  3 |
---------------+----------+-----
Fighting       | 4 5 6 |  6.2
Armour         | 4 5 6 |  6.5
Shields        | 4 5 6 |  6.5
Axes           | 3 |  3.9
Stealth        | 1 |  1.0
Evocations     | 1 |  1.0
Dodging        | |  0.6

Action                   |  1- 3 |  4- 6 || total
-------------------------+-------+-------++-------
Melee: War axe           |    14 |     9 ||    23
       Headbutt          |     4 |     3 ||     7
 Abil: Evoke Invisibilit |     1 |     1 ||     2
 Stab: Invisible         |     1 |     2 ||     3
Armor: Scale mail        |     3 |       ||     3
Dodge: Dodged            |     3 |     2 ||     5
Block: Shield            |     7 |       ||     7
